 Dungeon Crawl Stone Soup version 0.18-a0-900-gbbf5c82 (webtiles) character file.

12604 Duffy the Fighter (level 11, -6/73 HPs)
             Began as a Deep Elf Air Elementalist on Dec 24, 2015.
             Was an Elder of Vehumet.
             Splashed by an oklob plant's acid (8 damage)
             ... on level 3 of the Lair of Beasts.
             The game lasted 00:32:46 (15512 turns).

Duffy the Fighter (Deep Elf Air Elementalist)      Turns: 15512, Time: 00:32:46

Health: -6/73      AC:  3    Str: 10    XL:     11   Next: 64%
Magic:  26/26      EV: 20    Int: 29    God:    Vehumet [****..]
Gold:   784        SH:  0    Dex: 15    Spells: 3 memorised, 19 levels left

rFire  + . .     SeeInvis .     r - +6 flail (protect)
rCold  + . .     Gourm    +     L - +1 robe {MR+}
rNeg   + . .     Faith    .     (no shield)
rPois  +         Spirit   .     I - +2 hat of the High Council {Archmagi, Wiz- Stlth-}
rElec  +         Dismiss  .     Q - +0 cloak
rCorr  +         Reflect  .     m - +1 pair of gloves
SustAt .         Harm     .     D - +1 pair of boots
MR     ++...                    C - amulet of the gourmand
Stlth  +.........               v - +4 ring of evasion
                                X - ring of positive energy

@: mighty, brilliant, exhausted, resistant, corroded equipment, slowed, very
slow, very resistant to hostile enchantments, very unstealthy
A: no striking features
a: Renounce Religion


You were on level 3 of the Lair of Beasts.
You worshipped Vehumet.
Vehumet was greatly pleased with you.
You were very full.

You visited 2 branches of the dungeon, and saw 13 of its levels.

You collected 784 gold pieces.


   Skills:
 - Level 10.4 Fighting
 - Level 6.4 Dodging
 - Level 2.4 Stealth
 + Level 9.4 Spellcasting
 * Level 8.9 Conjurations
 * Level 8.7 Air Magic


You had 19 spell levels left.
You knew the following spells:

 Your Spells              Type           Power        Failure   Level  Hunger
l - Lightning Bolt        Conj/Air       #######...   1%          5    ####...
M - Repel Missiles        Chrm/Air       ######       1%          2    None
N - Swiftness             Chrm/Air       ######..     1%          2    None

Inventory:

Hand Weapons
 r - a +6 flail of protection (weapon)
 w - a +0 blowgun
Missiles
 g - 53 poisoned needles
 P - a throwing net (quivered)
Armour
 m - a +1 pair of gloves (worn)
 D - a +1 pair of boots (worn)
 I - the +2 hat of the High Council (worn) {Archmagi, Wiz- Stlth-}

   It makes you less stealthy.
 L - a +1 robe of magic resistance (worn)
 O - a +1 hat of magic resistance
 Q - a +0 cloak (worn)
Jewellery
 h - an uncursed amulet of guardian spirit
 k - an uncursed ring of flight
 v - a +4 ring of evasion (right hand)
 C - an amulet of the gourmand (around neck)
 R - an uncursed ring of protection from cold
 T - an uncursed amulet of dismissal {unknown}
 X - a ring of positive energy (left hand)
Wands
 a - a wand of teleportation (2/9)
 J - a wand of polymorph (6/24)
 Y - a wand of magic darts (15/48)
Scrolls
 d - 5 scrolls of teleportation
 e - 3 scrolls of remove curse
 l - 2 scrolls of enchant armour
 q - 2 scrolls of fear
Potions
 i - 2 potions of might
 j - 5 potions of heal wounds
 o - 2 potions of cure mutation
 p - 7 potions of haste
 s - 6 potions of curing
 B - a potion of cancellation
Books
 b - a book of Air
 u - a book of Enchantments
Comestibles
 c - 14 bread rations
 n - 8 meat rations
 t - 26 fruits
 E - 2 royal jellies
 G - 7 slices of pizza
 N - a beef jerky

Dungeon Overview and Level Annotations

Branches:
Dungeon (10/15)            Temple (0/1) D:4            Lair (3/8) D:10
    Orc (0/2) D:9
  Swamp: Lair:3-6    Shoals: Lair:3-6     Snake: Lair:3-6    Spider: Lair:3-6

Altars:
Elyvilon
Gozag
Nemelex Xobeh
Pakellas
Sif Muna
Vehumet
Zin
The Shining One

Shops:
D:7 [

Annotations:
D:5 Eustachio
Lair:3 exclusion: oklob plant


Message History

It was a potion of resistance.
You feel protected.
You float gracefully downwards.
Drink which item? (? for menu, Esc to quit)
It was a potion of poison.
You feel slightly nauseous.
Drink which item? (? for menu, Esc to quit)
It was a potion of berserk rage.
A red film seems to cover your vision as you go berserk!
You feel yourself moving faster!
You feel mighty!
You feel a strong urge to attack something.
You hear the slow rumble of a distant avalanche of rocks.
The oklob plant spits acid at you. The splash of acid hits you! You resist.
The acid burns!
You resist.
You feel your anger subside.
You are no longer berserk.
You are exhausted.
You feel yourself slow down.
Found a stone staircase leading up.
The oklob plant spits acid at you. The splash of acid hits you! You resist.
The acid corrodes you!
The acid burns!
You resist. The oklob plant spits acid at you. The splash of acid hits you!
You resist.
The acid burns!
You resist.
Drink which item? (? for menu, Esc to quit)
It was a potion of brilliance.
You feel clever all of a sudden.
Drink which item? (? for menu, Esc to quit)
You feel protected. The oklob plant spits acid at you.
The splash of acid hits you! You resist. The acid corrodes you!
The acid burns!
You resist.
Drink which item? (? for menu, Esc to quit)
You feel very mighty all of a sudden. The oklob plant spits acid at you.
The splash of acid hits you! You resist.
The acid burns!
You resist.
You die...

#.#.. #...#### #.
......P
#..PPP....###
#.)PPP?...#P##
#?.PPP.......##
....$........<#
P...(..@..P#
#........P##
####....P.#
####..## #...##
###..# #..##
######P.## ###
###..#.##..###.##


You could see an oklob plant.

Action                   |  1- 3 |  4- 6 |  7- 9 | 10-12 || total
-------------------------+-------+-------+-------+-------++-------
Melee: Flail             |       |       |    40 |    53 ||    93
       Blowgun           |       |       |     1 |       ||     1
 Fire: Blowgun           |       |    15 |    14 |       ||    29
 Cast: Shock             |   108 |   101 |   292 |   258 ||   759
       Repel Missiles    |     1 |       |       |       ||     1
       Lightning Bolt    |       |       |     5 |    25 ||    30
  Use: Scroll            |       |     2 |     5 |    12 ||    19
       Potion            |       |       |       |    10 ||    10
 Stab: Sleeping          |       |       |     3 |     1 ||     4
  Eat: Chunk             |     6 |    11 |    23 |    21 ||    61

Notes
Turn   | Place    | Note
--------------------------------------------------------------
     0 | D:1      | Duffy the Deep Elf Air Elementalist began the quest for the Orb.
     0 | D:1      | Reached XP level 1. HP: 10/10 MP: 6/6
   874 | D:1      | Reached XP level 2. HP: 15/15 MP: 6/8
  1200 | D:1      | Learned a level 2 spell: Repel Missiles
  1205 | D:1      | Learned a level 2 spell: Swiftness
  1459 | D:2      | Reached skill level 2 in Conjurations
  1774 | D:2      | Reached XP level 3. HP: 19/19 MP: 5/9
  2518 | D:3      | Reached skill level 4 in Air Magic
  2659 | D:3      | Found a glowing golden altar of the Shining One.
  2710 | D:3      | Found a radiant altar of Vehumet.
  2712 | D:3      | Found an opulent altar of Gozag.
  2716 | D:3      | Became a worshipper of Vehumet
  2719 | D:3      | Found a white marble altar of Elyvilon.
  2720 | D:3      | Found a glowing silver altar of Zin.
  2721 | D:3      | Found a deep blue altar of Sif Muna.
  2722 | D:3      | Found a sparkling altar of Nemelex Xobeh.
  2921 | D:3      | Reached XP level 4. HP: 15/24 MP: 4/11
  3099 | D:3      | Reached skill level 3 in Conjurations
  3273 | D:3      | Reached skill level 4 in Spellcasting
  3273 | D:3      | Reached XP level 5. HP: 19/28 MP: 7/13
  3421 | D:3      | Learned a level 5 spell: Lightning Bolt
  3427 | D:3      | Noticed Natasha
  3432 | D:3      | Killed Natasha
  3601 | D:3      | Noticed Natasha
  3627 | D:3      | Killed Natasha
  3684 | D:3      | Noticed Natasha
  3691 | D:3      | Killed Natasha
  4052 | D:4      | Noticed a phantom
  4068 | D:4      | Killed a phantom
  4068 | D:4      | Reached skill level 4 in Conjurations
  4068 | D:4      | Reached XP level 6. HP: 24/32 MP: 3/15
  4189 | D:4      | Reached skill level 5 in Spellcasting
  4404 | D:4      | Reached * piety under Vehumet
  4404 | D:4      | Offered knowledge of Sting by Vehumet.
  4862 | D:4      | Found a staircase to the Ecumenical Temple.
  4875 | D:4      | Reached skill level 5 in Conjurations
  5021 | D:5      | Entered Level 5 of the Dungeon
  5048 | D:5      | Reached skill level 6 in Spellcasting
  5048 | D:5      | Reached skill level 5 in Air Magic
  5048 | D:5      | Reached XP level 7. HP: 36/36 MP: 9/18
  5543 | D:5      | Reached skill level 6 in Conjurations
  5568 | D:5      | Reached skill level 6 in Air Magic
  5781 | D:5      | Reached ** piety under Vehumet
  5781 | D:5      | Offered knowledge of Freeze by Vehumet.
  5903 | D:6      | Noticed Eustachio
  5930 | D:6      | Reached XP level 8. HP: 41/41 MP: 17/20
  6183 | D:6      | Reached skill level 7 in Spellcasting
  6245 | D:6      | Noticed Blork the orc
  6266 | D:6      | Killed Blork the orc
  6266 | D:6      | Reached skill level 7 in Conjurations
  6520 | D:6      | Found a deep blue altar of Sif Muna.
  6553 | D:6      | Reached skill level 7 in Air Magic
  6845 | D:6      | Noticed Edmund
  7046 | D:5      | Killed Edmund
  7543 | D:6      | Reached skill level 8 in Conjurations
  7645 | D:7      | Noticed Menkaure
  7655 | D:7      | Killed Menkaure
  7655 | D:7      | Reached skill level 3 in Dodging
  7704 | D:7      | Reached skill level 1 in Fighting
  7704 | D:7      | Reached XP level 9. HP: 45/47 MP: 18/22
  7937 | D:7      | Reached skill level 2 in Fighting
  7937 | D:7      | Reached skill level 4 in Dodging
  8077 | D:7      | Offered knowledge of Throw Frost by Vehumet.
  8166 | D:7      | Found Veikluzei's Armour Boutique.
  8578 | D:8      | Reached skill level 5 in Dodging
  8683 | D:8      | Reached skill level 3 in Fighting
  8957 | D:8      | Noticed a centaur zombie
  8972 | D:8      | Killed a centaur zombie
  8972 | D:8      | Reached skill level 6 in Dodging
  9013 | D:8      | Reached *** piety under Vehumet
  9019 | D:8      | Reached skill level 4 in Fighting
  9088 | D:8      | Reached skill level 8 in Spellcasting
  9848 | D:8      | Reached skill level 9 in Spellcasting
  9977 | D:8      | Reached skill level 5 in Fighting
  9977 | D:8      | Reached XP level 10. HP: 57/59 MP: 20/25
 10005 | D:8      | Offered knowledge of Iskenderun's Mystic Blast by Vehumet.
 10223 | D:9      | Found a staircase to the Orcish Mines.
 10273 | D:9      | Reached skill level 8 in Air Magic
 10455 | D:9      | Found an oddly glowing altar of Pakellas.
 10793 | D:9      | Noticed a three-headed hydra
 10807 | D:9      | Reached skill level 6 in Fighting
 10834 | D:9      | Killed a three-headed hydra
 10910 | D:9      | Reached skill level 7 in Fighting
 10915 | D:9      | Reached **** piety under Vehumet
 11216 | D:10     | Entered Level 10 of the Dungeon
 11446 | D:10     | Found a staircase to the Lair.
 11635 | D:10     | Reached skill level 8 in Fighting
 11656 | D:10     | Noticed Gastronok
 11778 | D:10     | Killed Gastronok
 11778 | D:10     | Offered knowledge of Mephitic Cloud by Vehumet.
 11778 | D:10     | Reached skill level 9 in Fighting
 11778 | D:10     | Reached XP level 11. HP: 68/71 MP: 5/26
 12076 | D:10     | Got a pair of jewelled gloves
 12087 | D:10     | Identified the -5 pair of gloves "Ufenlapu" {rF+ Int+3} (You found it on level 10 of the Dungeon)
 12223 | D:10     | Noticed a hill giant
 12226 | D:10     | Killed a hill giant
 12317 | Lair:1   | Entered Level 1 of the Lair of Beasts
 12521 | Lair:1   | Noticed Joseph
 12542 | Lair:1   | Killed Joseph
 12754 | Lair:1   | Reached skill level 10 in Fighting
 15512 | Lair:3   | Splashed by an oklob plant's acid

Vault maps used:
D:1:      lightli_arrival_lavapool
D:2:      first_bread
D:3:      minitemple, guppyfry_early_lair_pool, uniq_natasha
D:4:      minmay_temple_entry_butterflies, serial_park_tiny_2
D:5:      minmay_misc_feat_enclosed
D:6:      kennysheep_orc_sif_temple, patterned_corridor, uniq_blork_the_orc,
          uniq_edmund, uniq_eustachio
D:7:      serial_glass, glass_columns_a, glass_columns_a, item_on_display_a,
          minmay_strange_pillars, serial_shops, shop, uniq_menkaure
D:9:      overflow_temple_1_default, orc_0_dummy, hangedman_ranch,
          serial_park_tiny_2
D:10:     lemuel_ice_spiral_2, lair_0_dummy, uniq_gastronok
Lair:1:   serial_bayou_pond_c, guppyfry_lair_drakes, uniq_joseph
Lair:3:   nicolae_volcano_entry_batcave, minmay_lair_oklob_bushes

Vanquished Creatures
  Gastronok
  A hydra
  A hill giant Joseph
  2 spiny frogs
  A black mamba
  A komodo dragon
  2 trolls
  7 yaks
  A wyvern
  A vampire
  A steam dragon
  2 hippogriffs
  2 basilisks Edmund Menkaure
  3 wolves
  2 porcupines
  4 orc warriors
  A sky beast
  3 water moccasins
  An eye of draining
  2 ice beasts
  4 centaurs
  A black bear
  2 phantoms
  An ogre
  6 crocodiles Blork the orc
  4 big kobolds
  5 giant frogs
  2 water moccasin zombies
  A gnoll sergeant
  6 scorpions
  3 crimson imps
  3 wights
  3 quasits
  2 centaur zombies
  7 orc wizards
  2 giant frog skeletons
  A giant frog zombie
  4 hounds
  2 centaur skeletons
  4 iguanas
  An orc priest Natasha (thrice)
  13 worker ants
  9 sheep
  A killer bee zombie
  2 hound zombies
  4 gnolls
  A river rat
  A worker ant zombie
  5 adders
  4 shadow imps
  2 oozes
  4 worms
  7 giant geckos
  31 orcs
  A ball python
  2 giant cockroaches
  5 hobgoblins
  8 kobolds
  5 quokkas
  2 ball python skeletons
  5 bats
  A giant cockroach zombie
  A giant gecko skeleton
  A giant gecko zombie
  2 giant newts
  7 goblins
  15 jackals
  A jackal zombie
  2 quokka zombies
  6 rats
  8 plants
266 creatures vanquished.
